 Dungeon Crawl Stone Soup version 0.27-a0-1139-g28e009f8a6 (webtiles) character file.

Game seed: 17313078701394187646

803 harkkk the Cudgeller (level 7, -1/61 HPs)
             Began as a Minotaur Fighter on May 7, 2021.
             Slain by an ogre
             ... wielding a +0 giant club
              (17 damage)
             ... on level 5 of the Dungeon.
             The game lasted 00:03:15 (4389 turns).

harkkk the Cudgeller (Minotaur Fighter)             Turns: 4389, Time: 00:03:15

Health: -1/61      AC:  9    Str: 23    XL:     7   Next: 59%
Magic:  6/6        EV:  8    Int:  5    God:
Gold:   164        SH: 10    Dex:  9    Spells: 6/6 levels left

rFire    . . .     SeeInvis .   a - +0 flail
rCold    . . .     Faith    .   c - +0 kite shield
rNeg     . . .     Spirit   .   b - +0 scale mail
rPois    .         Reflect  .   q - +1 hat
rElec    .         Harm     .   (no cloak)
rCorr    .         Rampage  .   (no gloves)
Will     .....                  v - +0 pair of boots
Stlth    ..........             (no amulet)
HPRegen  0.20/turn              (no ring)
MPRegen  0.10/turn              (no ring)

@: no status effects
A: horns 2, retaliatory headbutt
a: no special abilities


You were on level 5 of the Dungeon.
You visited 2 branches of the dungeon, and saw 6 of its levels.

You collected 164 gold pieces.

Inventory:

Hand Weapons
 a - a +0 flail (weapon)
Missiles
 g - 2 throwing nets (quivered)
Armour
 b - a +0 scale mail (worn)
 c - a +0 kite shield (worn)
 q - a +1 hat (worn)
 v - a +0 pair of boots (worn)
Jewellery
 j - a ring of protection from cold
Wands
 l - a wand of polymorph (3)
Scrolls
 i - a scroll of fog {unknown}
 k - a scroll of noise {unknown}
 m - 3 scrolls of identify {unknown}
 n - a scroll of blinking {unknown}
 r - a scroll of acquirement {unknown}
 t - a scroll of enchant weapon {unknown}
 w - a scroll of fear {unknown}
 x - a scroll of teleportation {unknown}
Potions
 d - a potion of might
 e - a potion of mutation {unknown}
 f - 2 potions of curing
 h - a potion of ambrosia {unknown}
 o - a potion of lignification {unknown}
 p - a potion of brilliance {unknown}
 s - a potion of flight {unknown}
 u - a potion of heal wounds {unknown}


   Skills:
 + Level 5.0 Fighting
 + Level 6.5 Maces & Flails
 + Level 6.0 Armour
 + Level 2.5 Dodging
 + Level 0.2 Stealth
 + Level 5.6 Shields
 + Level 0.6 Unarmed Combat


You had 6 spell levels left.
You didn't know any spells.
Your spell library contained the following spells:

 Spells                   Type           Power      Damage    Failure   Level
 Sandblast                Erth           0%         2d4       99%         1
 Passwall                 Tmut/Erth      0%         N/A       99%         2
 Stone Arrow              Conj/Erth      0%         3d7       100%        3
 Petrify                  Tmut/Erth      0%         N/A       100%        4
 Lee's Rapid Deconstruct  Erth           0%         3d5*      100%        5


Dungeon Overview and Level Annotations

Branches:
Dungeon (5/15)             Temple (1/1) D:4

Altars:
Ashenzari
Dithmenos
Fedhas
Gozag
Hepliaklqana
Kikubaaqudgha
Makhleb
Ru
Sif Muna
Wu Jian
Xom
Yredelemnul

Shops:
D:1 =   D:3 *   D:4 [?[

Annotations:
D:3 1 runed translucent door


Innate Abilities, Weirdness & Mutations

You have a pair of horns on your head.
You reflexively headbutt those who attack you in melee.


Message History

An adder is nearby!
An ogre comes into view. It is wielding a +0 giant club.
The ogre shouts!
Found a ring mail.
You barely miss the adder. You block the adder's attack. The adder bites you.
You hit the adder. Your headbutt misses the adder.
The adder is moderately wounded.
The adder barely misses you.
You miss the adder. Your headbutt misses the adder.
The adder is moderately wounded.
You block the adder's attack. The adder bites you.
You are poisoned.
The adder poisons you!
You miss the adder.
The adder is moderately wounded.
You feel sick. The adder barely misses you. The adder bites you.
You are more poisoned.
The adder poisons you!
You hit the adder. Your headbutt misses the adder.
The adder is severely wounded.
You feel very sick.
The ogre hits you with a +0 giant club!!
The adder barely misses you.
You are too injured to fight recklessly!
You are too injured to fight recklessly!
You are too injured to fight recklessly!
You are too injured to fight recklessly!
You are too injured to fight recklessly!
You are too injured to fight recklessly!
There are monsters nearby!
You hit the ogre.
The ogre is lightly wounded.
You feel very sick. You block the adder's attack.
The ogre hits you with a +0 giant club!
* * * LOW HITPOINT WARNING * * *
The adder bites you.
* * * LOW HITPOINT WARNING * * *
It was a potion of curing.
You feel better. The ogre hits you with a +0 giant club!
You die...

##....#....
#.....#...#
#.........#
###.........
#..........
#.......#
#..$.OS.#
##.#..@.##
####........##
#............#
###.........##..#
#)..........# #.#
##.........## ...
#####........#
[..
#...##..##..## ..
#........#### .


You could see an ogre and an adder.

Vanquished Creatures
  Sigmund (D:2)
  A centaur (D:4)
  2 phantoms (D:4)
  A jelly (D:3)
  An orc priest (D:4)
  Jessica (D:2)
  An iguana (D:4)
  Natasha (thrice) (D:2)
  An orc wizard (D:2)
  Robin (D:4)
  4 gnolls (D:3)
  4 adders
  2 adder skeletons (D:4)
  A worm (D:4)
  A dart slug (D:4)
  11 orcs
  7 endoplasms
  3 giant cockroaches
  11 goblins
  11 hobgoblins
  8 jackals
  4 quokkas
  11 ball pythons
  5 bats
  A frilled lizard (D:2)
  A goblin skeleton (D:3)
  10 kobolds
  3 rats
111 creatures vanquished.

Vanquished Creatures (others)
  4 withered plants (D:2)
4 creatures vanquished.

Grand Total: 115 creatures vanquished

Notes
Turn   | Place    | Note
-------+----------+-------------------------------------------
     0 | D:1      | harkkk the Minotaur Fighter began the quest for the Orb.
     0 | D:1      | Reached XP level 1. HP: 19/19 MP: 0/0
   162 | D:1      | Reached XP level 2. HP: 27/27 MP: 1/1
   749 | D:1      | Found Mediq's Jewellery Emporium.
   993 | D:2      | Reached XP level 3. HP: 33/33 MP: 2/2
  1155 | D:2      | Noticed Natasha
  1160 | D:2      | Killed Natasha
  1161 | D:2      | Reached skill level 1 in Dodging
  1273 | D:2      | Found a faded altar of an unknown god.
  1274 | D:2      | Noticed Jessica
  1293 | D:2      | Killed Jessica
  1294 | D:2      | Reached XP level 4. HP: 33/40 MP: 3/3
  1388 | D:2      | Noticed Sigmund
  1395 | D:2      | Killed Sigmund
  1396 | D:2      | Reached XP level 5. HP: 25/47 MP: 4/4
  1516 | D:2      | Noticed Natasha
  1520 | D:2      | Killed Natasha
  1521 | D:2      | Reached skill level 5 in Maces & Flails
  1521 | D:2      | Reached XP level 6. HP: 50/53 MP: 5/5
  1649 | D:2      | Noticed Natasha
  1659 | D:2      | Killed Natasha
  2452 | D:3      | Reached skill level 5 in Armour
  2546 | D:3      | Reached skill level 5 in Shields
  2753 | D:3      | Found Gajuats's General Store.
  2788 | D:3      | Found a runed translucent door.
  2788 | D:3      | Noticed a human
  2794 | D:3      | Found a basalt altar of Yredelemnul.
  3175 | D:4      | Found a staircase to the Ecumenical Temple.
  3246 | Temple   | Entered the Ecumenical Temple
  3339 | D:4      | Reached XP level 7. HP: 51/60 MP: 6/6
  3681 | D:4      | Found Luxtic's Antique Armour Emporium.
  3770 | D:4      | Found Qealumpi's Antique Armour Boutique.
  3986 | D:4      | Reached skill level 5 in Fighting
  4056 | D:4      | Found Reyrus's Magic Scroll Emporium.
  4088 | D:4      | Noticed Robin
  4109 | D:4      | Killed Robin
  4188 | D:4      | Found a broken altar of Ashenzari.
  4370 | D:5      | Entered Level 5 of the Dungeon
  4389 | D:5      | Slain by an ogre

Illustrated notes

Levels and vault maps discovered:
D:1:      shiori_arrival_elements, layout_loops_ring, serial_shops, shop
D:2:      layout_loops_ring, ebering_ecumenical_altar_petrified, uniq_natasha,
          uniq_sigmund, uniq_jessica
D:3:      layout_loops_cross, dk_yredelemnul_ordeal, serial_shops, shop
D:4:      layout_rooms, nicolae_ashenzari_skybound,
          minmay_temple_entry_gardened_gates, serial_shops, shop, shop, shop,
          minmay_fractal_squares_gapless_5, uniq_robin
D:5:      layout_cave_pools, bloody_trog, minmay_splitting_lines
Temple:   cyrus_temple_forest

Skill      XL: |  1  2  3  4  5  6  7 |
---------------+----------------------+-----
Shields        | 4 5 |  5.6
Fighting       | 4 5 |  5.0
Maces & Flails | 4 5 6 |  6.5
Armour         | 4 5 6 |  6.0
Dodging        | 1 2 |  2.5
Stealth        | |  0.2
Unarmed Combat | |  0.6

Action                   |  1- 3 |  4- 6 |  7- 9 || total
-------------------------+-------+-------+-------++-------
Melee: Flail             |    68 |   116 |    88 ||   272
       Headbutt          |     7 |    20 |     9 ||    36
       Unarmed           |     5 |       |       ||     5
Throw: Throwing net      |       |     1 |       ||     1
  Use: Potion            |       |       |     1 ||     1
Armor: Scale mail        |    28 |    54 |    30 ||   112
Dodge: Dodged            |    30 |    41 |    34 ||   105
Block: Kite shield       |    53 |    50 |    54 ||   157

Table legend: (Time is in decaauts)
 A = Elapsed time spent in this place.
 B = Non-inter-level travel time spent in this place.
 C = Inter-level travel time spent in this place.
 D = Time resting spent in this place.
 E = Time spent auto-exploring this place.
 F = Levels seen in this place.
 G = Mean time per level.
                   A        B        C        D        E       F      G
               +--------+--------+--------+--------+--------+-----+--------+
         Total |   4492 |   4222 |    270 |    168 |   3392 |   6 |  748.7 |
       Dungeon |   4405 |   4160 |    245 |    168 |   3331 |   5 |  881.0 |
        Temple |     86 |     61 |     25 |      0 |     61 |   1 |   86.0 |
               +--------+--------+--------+--------+--------+-----+--------+

Top non-repeatable levels by time:
     D:2: 1363 daAuts
     D:4: 1134 daAuts
     D:1: 1007 daAuts
     D:3: 879 daAuts
  Temple: 86 daAuts
     D:5: 20 daAuts
